 Dungeon Crawl Stone Soup version 0.27.0-1-g7a089689b8 (webtiles) character file.

Game seed: 15720134157007399349

84 ZombieSheep the Cudgeller (level 4, -2/38 HPs)
             Began as a Gnoll Wanderer on Aug 6, 2021.
             Was a Believer of Sif Muna.
             Slain by a worm (9 damage)
             ... on level 2 of the Dungeon.
             The game lasted 00:02:49 (1596 turns).

ZombieSheep the Cudgeller (Gnoll Wanderer)          Turns: 1596, Time: 00:02:50

Health: -2/38      AC:  7    Str: 13    XL:     4   Next: 45%
Magic:  5/5        EV: 10    Int: 12    God:    Sif Muna [**....]
Gold:   56         SH:  0    Dex: 10    Spells: 5/5 levels left

rFire    . . .     SeeInvis .   a - +2 mace
rCold    . . .     Faith    .   (no shield)
rNeg     . . .     Spirit   .   g - +0 ring mail
rPois    .         Reflect  .   b - +0 helmet
rElec    .         Harm     .   (no cloak)
rCorr    .         Rampage  .   (no gloves)
Will     .....                  i - +0 pair of boots
Stlth    +.........             (no amulet)
HPRegen  0.12/turn              (no ring)
MPRegen  0.09/turn              (no ring)

@: no status effects
A: fangs 1, strong nose, distributed training
a: Renounce Religion, Channel Magic


You were on level 2 of the Dungeon.
You worshipped Sif Muna.
Sif Muna was pleased with you.
You visited 1 branch of the dungeon, and saw 2 of its levels.

You collected 56 gold pieces.

Inventory:

Hand Weapons
 a - a +2 mace (weapon)
Missiles
 k - 21 bolts
Armour
 b - a +0 helmet (worn)
 g - a +0 ring mail (worn)
 i - a +0 pair of boots (worn)
Potions
 f - a potion of ambrosia {unknown}
 h - a potion of curing {unknown}
 j - a potion of brilliance {unknown}
Miscellaneous
 c - a piece from Xom's chessboard (15/15) (quivered)


   Skills:
 + Level 4.6 Fighting
 + Level 1.1 Short Blades
 + Level 1.1 Long Blades
 + Level 1.1 Axes
 + Level 6.6 Maces & Flails
 + Level 4.6 Polearms
 + Level 1.1 Staves
 + Level 1.1 Slings
 + Level 1.1 Bows
 + Level 1.1 Crossbows
 + Level 1.1 Throwing
 + Level 1.1 Armour
 + Level 1.1 Dodging
 + Level 2.5 Stealth
 + Level 1.1 Shields
 + Level 1.1 Unarmed Combat
 + Level 1.1 Spellcasting
 + Level 0.9 Conjurations
 + Level 0.9 Hexes
 + Level 0.9 Summonings
 + Level 0.9 Necromancy
 + Level 0.9 Translocations
 + Level 0.9 Transmutations
 + Level 0.9 Fire Magic
 + Level 0.9 Ice Magic
 + Level 0.9 Air Magic
 + Level 0.9 Earth Magic
 + Level 0.9 Poison Magic
 + Level 1.2 Invocations
 + Level 4.6 Evocations


You had 5 spell levels left.
You didn't know any spells.
Your spell library was empty.

Dungeon Overview and Level Annotations

Branches:
Dungeon (2/15)

Altars:
Sif Muna


Innate Abilities, Weirdness & Mutations

You have very sharp teeth.
Your uncanny sense of smell can sniff out nearby items.
Your experience applies equally to all skills.


Message History

The gnoll hits you with a +0 spear.
You hit the gnoll.
You kill the gnoll!
Sif Muna accepts your kill.
You have reached level 4!
You feel stronger.
You sock the gnoll! You bite the gnoll, but do no damage.
The gnoll is severely wounded.
The gnoll closely misses you.
You hit the gnoll. You bite the gnoll, but do no damage.
The gnoll is severely wounded.
The gnoll hits you with a +0 flail!
You hit the gnoll.
You kill the gnoll!
Sif Muna accepts your kill.
You barely miss the gnoll. The gnoll hits you with a +0 flail.
* * * LOW HITPOINT WARNING * * *
You thump the gnoll!
The gnoll is severely wounded.
The gnoll hits you with a +0 flail.
* * * LOW HITPOINT WARNING * * *
You hit the gnoll but do no damage.
The gnoll is severely wounded.
The gnoll hits you with a +0 flail.
* * * LOW HITPOINT WARNING * * *
You hit the gnoll but do no damage.
The gnoll is severely wounded.
The gnoll misses you.
You hit the gnoll.
You kill the gnoll!
Sif Muna accepts your kill.
You hit the worm.
The worm is lightly wounded.
The worm bites you but does no damage.
You completely miss the worm.
The worm is lightly wounded.
You hit the worm.
The worm is moderately wounded.
The worm bites you!
You die...

#....###### #...#
#.........# # #...#
#.........# #. #...#
#.........# #.. #...#
#.........# #... ...
#.........# #... #.#
###.......#
##....##.###########.......#
........g....).w@..........#
......w..############....###
##....#### #....# #####
#....######## #...รท..)..).)
#.........### #.#######.# #
#. #.# # #. #.# #


You could see a worm.

Vanquished Creatures
  Robin (D:2)
  4 gnolls (D:2)
  A dart slug (D:1)
  A ball python (D:2)
  2 endoplasms
  A giant cockroach (D:1)
  11 goblins
  4 hobgoblins
  A quokka (D:2)
  A frilled lizard (D:1)
  4 kobolds (D:1)
  A rat (D:1)
32 creatures vanquished.

Notes
Turn   | Place    | Note
-------+----------+-------------------------------------------
     0 | D:1      | ZombieSheep the Gnoll Wanderer began the quest for the Orb.
     0 | D:1      | ZombieSheep set off with the following items: a +2 mace, a
                  | potion of lignification, a piece from Xom's chessboard
                  | (15/15), a +0 robe
     0 | D:1      | Reached XP level 1. HP: 20/20 MP: 1/1
   564 | D:1      | Reached XP level 2. HP: 20/26 MP: 2/2
   823 | D:1      | Found a faded altar of an unknown god.
   854 | D:1      | Became a worshipper of Sif Muna the Loreminder
   854 | D:1      | Reached * piety under Sif Muna
  1195 | D:2      | Noticed Robin
  1218 | D:2      | Killed Robin
  1219 | D:2      | Reached XP level 3. HP: 30/31 MP: 2/4
  1226 | D:2      | Reached skill level 1 in Invocations
  1435 | D:2      | Reached ** piety under Sif Muna
  1436 | D:2      | Reached skill level 1 in Short Blades
  1436 | D:2      | Reached skill level 1 in Long Blades
  1436 | D:2      | Reached skill level 1 in Axes
  1436 | D:2      | Reached skill level 1 in Staves
  1436 | D:2      | Reached skill level 1 in Slings
  1436 | D:2      | Reached skill level 1 in Bows
  1436 | D:2      | Reached skill level 1 in Crossbows
  1436 | D:2      | Reached skill level 1 in Throwing
  1436 | D:2      | Reached skill level 1 in Armour
  1436 | D:2      | Reached skill level 1 in Dodging
  1436 | D:2      | Reached skill level 1 in Shields
  1436 | D:2      | Reached skill level 1 in Unarmed Combat
  1436 | D:2      | Reached skill level 1 in Spellcasting
  1586 | D:2      | Reached XP level 4. HP: 21/38 MP: 5/5
  1596 | D:2      | Slain by a worm

Illustrated notes

Levels and vault maps discovered:
D:1:      dpeg_arrival_more_subterranean_lakeside_camping, layout_loops_corners,
          shapermc_ecumenical_altar_ellora
D:2:      layout_basic, uniq_robin

Skill      XL: |  1  2  3 |
---------------+----------+-----
Invocations    | 1 |  1.2
Short Blades   | 1 |  1.1
Long Blades    | 1 |  1.1
Axes           | 1 |  1.1
Staves         | 1 |  1.1
Slings         | 1 |  1.1
Bows           | 1 |  1.1
Crossbows      | 1 |  1.1
Throwing       | 1 |  1.1
Armour         | 1 |  1.1
Dodging        | 1 |  1.1
Shields        | 1 |  1.1
Unarmed Combat | 1 |  1.1
Spellcasting   | 1 |  1.1
Fighting       | |  4.6
Maces & Flails | |  6.6
Polearms       | |  4.6
Stealth        | |  2.5
Conjurations   | |  0.9
Hexes          | |  0.9
Summonings     | |  0.9
Necromancy     | |  0.9
Translocations | |  0.9
Transmutations | |  0.9
Fire Magic     | |  0.9
Ice Magic      | |  0.9
Air Magic      | |  0.9
Earth Magic    | |  0.9
Poison Magic   | |  0.9
Evocations     | |  4.6

Action                   |  1- 3 |  4- 6 || total
-------------------------+-------+-------++-------
Melee: Mace              |    77 |    11 ||    88
       Bite              |     2 |     2 ||     4
  Use: Scroll            |     1 |       ||     1
       Potion            |     1 |       ||     1
 Stab: Sleeping          |     1 |       ||     1
Armor: Ring mail         |     7 |     1 ||     8
       Skin              |    21 |       ||    21
Dodge: Dodged            |    22 |     2 ||    24
